Unix xNetHack Version 7.1.0 - last build Jul 4 2022 02:09:00 (ec8469f2eb63cac24863ec985b09651f3a72bf9f). Game began 2022-07-09 16:21:31, ended 2022-07-09 17:09:38. Raisse, neutral female gnomish Wizard --------------- |....<........| ##### |.............+ ###0######ef######G#### |.............|###### # . # |..............#### ... -------|-------# ## |...| ....| |.|.| ----- Raisse the Conjurer St:12 Dx:14 Co:13 In:19 Wi:9 Ch:8 Neutral Dlvl:3 $:15 HP:0(15) Pw:31(31) AC:8 Xp:3/49 T:1036 Hungry Latest messages: You regain consciousness. You miss the grid bug. The grid bug bites! You get zapped! You miss the grid bug. The grid bug bites! You get zapped! You kill the grid bug! You faint from lack of food. The grid bug bites! The grid bug bites! You get zapped! The grid bug bites! The grid bug bites! You get zapped! The grid bug bites! You get zapped! The grid bug bites! You get zapped! The grid bug bites! You get zapped! You regain consciousness. What do you want to eat? [i or ?*] ? This lichen corpse tastes okay. The grid bug bites! You get zapped! You stop eating the lichen corpse. You can hear again. Wizard needs food, badly! You kill the grid bug! What do you want to eat? [ir or ?*] r You resume your meal. You no longer feel hungry. You finish eating the lichen corpse. Drink from the fountain? [yn] (n) y The cool draught refreshes you. You descend the stairs. You swap places with Poes. $ - 2 gold pieces {0}. You are beginning to feel hungry. You hear some noises. Poes is frozen by its gaze! You kill the gas spore! You are caught in the gas spore's explosion! It is fatal. Do you want your possessions identified? [ynq] (y) y Do you want to see your attributes? [ynq] (y) y Do you want an account of creatures vanquished? [ynaq] (y) y Do you want to see your conduct and achievements? [ynq] (y) y Do you want to see the dungeon overview? [ynq] (y) y Major events: Turn 1: Raisse the neutral female gnomish Wizard entered the dungeon 803: attained the rank of Conjurer (level 3) 1036: killed by a gas spore's explosion Inventory: Inventory: 214/675 weight (12/52 slots) Coins $ - 15 gold pieces {1} Weapons a - a blessed +1 quarterstaff (weapon in hands) {40} l - 4 uncursed +0 darts {4} m - an uncursed +0 orcish dagger {10} Armor p - an uncursed +0 orcish helm {30} C - an uncursed +0 cloak of magic resistance (being worn) {8} H - an uncursed +0 orcish helm (being worn) {23} Comestibles i - 2 uncursed lichen corpses {40} Scrolls b - an uncursed scroll of identify {5} Potions o - an uncursed potion of healing {20} Wands h - an uncursed wand of probing (0:5) {7} q - an uncursed wand of nothing (0:5) {7} Gems/Stones g - 2 uncursed touchstones {20} Raisse the Wizard's attributes: Background: You were a Conjurer, a level 3 female gnomish Wizard. You were neutral, nominally on a mission for Thoth who was opposed by Ptah (lawful) and Anhur (chaotic). You were bisexual. You were in the Dungeons of Doom, on level 3. You entered the dungeon 1036 turns ago. You had 49 experience points, 31 more were needed to attain level 4. Basics: You had 0 out of 15 hit points. You had all 31 energy points (spell power). Your armor class was 8. Your wallet contained 15 zorkmids. Autopickup was on for '$!?/"=+' plus thrown, with exceptions. Final Characteristics: Your strength was 12 (limit:18/50). Your dexterity was 14 (limit:18). Your constitution was 13 (limit:18). Your intelligence was 19 (limit:19). Your wisdom was 9 (limit:18). Your charisma was 8 (limit:18). Final Status: You were hungry. You were unencumbered. You were wielding a quarterstaff. You had basic skill with quarterstaff. Final Attributes: You were fervently aligned. You were magic-protected. You had infravision. You were warded. You are dead. Miscellaneous: You never encountered a bones level. Total elapsed playing time was 34 minutes and 25 seconds. Vanquished creatures: a gas spore a jackal a kobold 3 goblins 3 grid bugs 6 lichens a kobold zombie 4 newts 20 creatures vanquished. No species were genocided or became extinct. Voluntary challenges: You were an atheist. You read items or engraved 7 times. You never genocided any monsters. You never polymorphed an object. You never changed form. You never touched an artifact. You used no wishes. You never scared an enemy with impunity. You were celibate. You never generated conflict. Achievement: You attained the rank of Conjurer. The Dungeons of Doom: levels 1 to 3 Level 1: "spb" Level 2: A fountain. Level 3: <- You were here. A grave. Final resting place for you, killed by a gas spore's explosion. Game over: __________ / \ / REST \ / IN \ / PEACE \ / \ | Raisse | | 15 Au | | killed by a gas | | spore's | | explosion | | | | 2022 | *| * * * | * _________)/\\_//(\/(/\)/\//\/|_)_______ Goodbye Raisse the Wizard... You died in The Dungeons of Doom on dungeon level 3 with 310 points, and 15 pieces of gold, after 1036 moves. You were level 3 with a maximum of 15 hit points when you died.